 Dungeon Crawl Stone Soup version 0.28.0-53-g5a82cb258f (webtiles) character file.

Game seed: 16849728750395452174

451 Bruhh the Insei (level 7, -2/52 HPs)
             Began as a Gnoll Transmuter on May 24, 2022.
             Killed from afar by an orc wizard (7 damage)
             ... with a magic dart
             ... on level 4 of the Dungeon.
             The game lasted 00:06:47 (4906 turns).

Bruhh the Insei (Gnoll Transmuter)                  Turns: 4906, Time: 00:06:48

Health: -2/52      AC:  4    Str:  7 (9)  XL:     7   Next: 4%
Magic:  15/15      EV: 12    Int: 13 (14) God:
Gold:   192        SH:  0    Dex: 10 (13) Spells: 13/17 levels left

rFire   + + .      SeeInvis .   r - +2 spear (vorpal)
rCold   + . .      Faith    .   (no shield)
rNeg    . . .      Spirit   .   p - +0 leather armour
rPois   +          Reflect  .   (no helmet)
rElec   +          Harm     .   q - +0 cloak
rCorr   +          Rampage  .   (no gloves)
Will    .....                   (no boots)
Stlth   ++........              (no amulet)
HPRegen 0.17/turn               g - ring of protection from fire
MPRegen 0.14/turn               (no ring)

@: mighty, brilliant, resistant
A: fangs 1, strong nose, distributed training
a: no special abilities


You were on level 4 of the Dungeon.
You visited 1 branch of the dungeon, and saw 4 of its levels.

You collected 192 gold pieces.

Inventory:

Hand Weapons
 r - a +2 vorpal spear (weapon)
Armour
 a - a +0 robe
 p - a +0 leather armour (worn)
 q - a +0 cloak (worn)
Jewellery
 g - a ring of protection from fire (left hand)
 i - an amulet of faith
 m - a ring of ice
 n - a +4 ring of evasion
 o - an amulet of regeneration
Wands
 h - a wand of polymorph (15)
Scrolls
 b - a scroll of vulnerability
 c - a scroll of summoning
 f - a scroll of teleportation


   Skills:
 + Level 3.4 Fighting
 + Level 2.2 Short Blades
 + Level 2.2 Long Blades
 + Level 2.2 Axes
 + Level 2.2 Maces & Flails
 + Level 2.2 Polearms
 + Level 2.2 Staves
 + Level 2.2 Slings
 + Level 2.2 Bows
 + Level 2.2 Crossbows
 + Level 2.2 Throwing
 + Level 2.2 Armour
 + Level 5.1 Dodging
 + Level 2.2 Stealth
 + Level 2.2 Shields
 + Level 6.9 Unarmed Combat
 + Level 5.5 Spellcasting
 + Level 1.8 Conjurations
 + Level 1.8 Hexes
 + Level 1.8 Summonings
 + Level 1.8 Necromancy
 + Level 1.8 Translocations
 + Level 4.2 Transmutations
 + Level 1.8 Fire Magic
 + Level 1.8 Ice Magic
 + Level 1.8 Air Magic
 + Level 1.8 Earth Magic
 + Level 1.8 Poison Magic
 + Level 2.4 Invocations
 + Level 2.2 Evocations


You had 13 spell levels left.
You knew the following spells:

 Your Spells              Type           Power      Damage    Failure   Level
a - Beastly Appendage     Tmut           42%        N/A       4%          1
b - Spider Form           Tmut/Pois      17%        N/A       22%         3

Your spell library contained the following spells:

 Spells                   Type           Power      Damage    Failure   Level
 Wereblood                Tmut           21%        N/A       7%          2
 Foxfire                  Conj/Fire      48%        2x1d6     12%         1
 Slow                     Hex            48%        N/A       12%         1
 Passwall                 Tmut/Erth      14%        N/A       12%         2
 Ensorcelled Hibernation  Hex/Ice        24%        N/A       19%         2
 Confusing Touch          Hex            12%        N/A       36%         3
 Conjure Flame            Conj/Fire      12%        6-21      36%         3
 Inner Flame              Hex/Fire       12%        N/A       36%         3
 Swiftness                Air            12%        N/A       36%         3
 Vampiric Draining        Necr           12%        2d6       36%         3
 Ice Form                 Ice/Tmut       17%        N/A       58%         4
 Flame Wave               Conj/Fire      12%        2d6       77%         4


Dungeon Overview and Level Annotations

Branches:
Dungeon (4/15)
 Temple: D:4-7

Altars:

Shops:
D:1 :**   D:2 (

Annotations:
D:3 1 runed translucent door, Crazy Yiuf


Innate Abilities, Weirdness & Mutations

You have very sharp teeth.
Your uncanny sense of smell can sniff out nearby items.
Your experience applies equally to all skills.


Message History

Something tries to affect you, but you resist.
Something hits you but does no damage.
You hit something. Something hits you but does no damage.
A magic dart appears from out of thin air!
The magic dart hits you.
* * * LOW HITPOINT WARNING * * *
You closely miss something. Your bite misses something.
Something barely misses you. x2
It was a potion of brilliance.
You feel clever all of a sudden. Something barely misses you.
Something tries to affect you, but you resist.
The orc wizard points at you and mumbles some strange words.
The magic dart hits something.
It was a potion of degeneration.
There was something very wrong with that liquid.
You feel weakened.
You feel dopey.
You feel clumsy.
Your hearing returns.
Something hits you but does no damage. Something hits you.
* * * LOW HITPOINT WARNING * * *
The orc wizard gestures at you while chanting.
It was a potion of might.
You feel very mighty all of a sudden.
Something hits the orc wizard.
Something hits you but does no damage.
You barely miss something. Something hits you.
* * * LOW HITPOINT WARNING * * *
You barely miss something. You bite something. Something hits you.
* * * LOW HITPOINT WARNING * * *
Something hits you but does no damage.
You hit something.
Reactivating autopickup.
You feel a bit more experienced. Something hits you.
* * * LOW HITPOINT WARNING * * *
Deactivating autopickup; reactivate with Ctrl-A.
You puncture the orc wizard!
The orc wizard is almost dead.
You hear some strange, mumbled words.
A magic dart appears from out of thin air!
The magic dart hits you!
You die...

..............### ##.......#.###
.....#..)...########...>......###
....##.##.#.................#....
^...#..##.#.####..#..##....##....
#..##.###.#.##.......#..##.......
..###.# #.#......###...######....
.##...# #....#...#.#...# #.......
....### #......#{#.###.# #.##....
##### ...##.#@o:..#.###....... ..
# ###.###......#...) .
...#$#....#####.... ##..###....#
#.... ∆ ##.......## #####
##.....## #######


You could see an orc wizard.

Vanquished Creatures
  Pargi (D:3)
  An ogre (D:4)
  A hound (D:3)
  A jelly (D:4)
  Ijyb (D:3)
  3 orc wizards (D:4)
  A killer bee zombie (D:3)
  2 adders
  A river rat (D:4)
  3 dart slugs
  7 endoplasms
  6 giant cockroaches
  6 goblins
  4 hobgoblins
  8 kobolds
  7 quokkas
  9 ball pythons
  4 bats
  7 frilled lizards
  3 rats
76 creatures vanquished.

Notes
Turn   | Place    | Note
-------+----------+-------------------------------------------
     0 | D:1      | Bruhh the Gnoll Transmuter began the quest for the Orb.
     0 | D:1      | Reached XP level 1. HP: 17/17 MP: 6/6
    87 | D:1      | Found Tipp's Assorted Antiques.
   210 | D:1      | Reached XP level 2. HP: 11/23 MP: 7/7
   420 | D:1      | Found Hohi's General Store.
   447 | D:1      | Found Areukk's Book Emporium.
   703 | D:1      | Reached XP level 3. HP: 28/28 MP: 7/9
   731 | D:1      | Reached skill level 5 in Spellcasting
   929 | D:2      | Reached skill level 1 in Invocations
  1134 | D:2      | Learned a level 3 spell: Spider Form
  1506 | D:2      | Reached skill level 1 in Short Blades
  1506 | D:2      | Reached skill level 1 in Long Blades
  1506 | D:2      | Reached skill level 1 in Axes
  1506 | D:2      | Reached skill level 1 in Maces & Flails
  1506 | D:2      | Reached skill level 1 in Polearms
  1506 | D:2      | Reached skill level 1 in Staves
  1506 | D:2      | Reached skill level 1 in Slings
  1506 | D:2      | Reached skill level 1 in Bows
  1506 | D:2      | Reached skill level 1 in Crossbows
  1506 | D:2      | Reached skill level 1 in Throwing
  1506 | D:2      | Reached skill level 1 in Armour
  1506 | D:2      | Reached skill level 1 in Stealth
  1506 | D:2      | Reached skill level 1 in Shields
  1506 | D:2      | Reached skill level 1 in Evocations
  1611 | D:2      | Found Saich's Antique Weapon Emporium.
  1882 | D:3      | Noticed Pargi
  2047 | D:3      | Found a runed translucent door.
  2048 | D:3      | Noticed Crazy Yiuf
  2081 | D:3      | Reached XP level 4. HP: 34/34 MP: 9/11
  2284 | D:3      | Reached skill level 1 in Conjurations
  2284 | D:3      | Reached skill level 1 in Hexes
  2284 | D:3      | Reached skill level 1 in Summonings
  2284 | D:3      | Reached skill level 1 in Necromancy
  2284 | D:3      | Reached skill level 1 in Translocations
  2284 | D:3      | Reached skill level 1 in Fire Magic
  2284 | D:3      | Reached skill level 1 in Ice Magic
  2284 | D:3      | Reached skill level 1 in Air Magic
  2284 | D:3      | Reached skill level 1 in Earth Magic
  2284 | D:3      | Reached skill level 1 in Poison Magic
  2641 | D:3      | Noticed Ijyb
  3115 | D:3      | Killed Ijyb
  3116 | D:3      | Reached XP level 5. HP: 32/40 MP: 9/12
  3262 | D:3      | Killed Pargi
  3829 | D:4      | Reached XP level 6. HP: 42/47 MP: 13/13
  4614 | D:4      | Reached skill level 5 in Dodging
  4897 | D:4      | Reached XP level 7. HP: 14/52 MP: 15/15
  4906 | D:4      | Killed from afar by an orc wizard

Illustrated notes

Levels and vault maps discovered:
D:1:      lightli_arrival_chessboard, layout_rooms, serial_shops,
          nicolae_shop_statue_plus, shop, shop
D:2:      layout_basic, serial_shops, nicolae_shop_stone, hex_large
D:3:      layout_loops_corners, hangedman_decor_opposing,
          kennysheep_cross_bottleneck, grunt_ministairs_4,
          mrwooster_statue_mirror, chequers_serial_rivers_room_a,
          grunt_decor_junction, kennysheep_nondescript, uniq_ijyb, uniq_pargi,
          uniq_crazy_yiuf_cottage
D:4:      layout_rooms, portal_sewer_entry_e,
          minmay_a_box_with_orc_wizards_in_it

Skill      XL: |  1  2  3  4  5  6 |
---------------+-------------------+-----
Spellcasting   | 5 |  5.5
Invocations    | 1 2 |  2.4
Short Blades   | 1 2 |  2.2
Long Blades    | 1 2 |  2.2
Axes           | 1 2 |  2.2
Maces & Flails | 1 2 |  2.2
Polearms       | 1 2 |  2.2
Staves         | 1 2 |  2.2
Slings         | 1 2 |  2.2
Bows           | 1 2 |  2.2
Crossbows      | 1 2 |  2.2
Throwing       | 1 2 |  2.2
Armour         | 1 2 |  2.2
Stealth        | 1 2 |  2.2
Shields        | 1 2 |  2.2
Evocations     | 1 2 |  2.2
Conjurations   | 1 |  1.8
Hexes          | 1 |  1.8
Summonings     | 1 |  1.8
Necromancy     | 1 |  1.8
Translocations | 1 |  1.8
Fire Magic     | 1 |  1.8
Ice Magic      | 1 |  1.8
Air Magic      | 1 |  1.8
Earth Magic    | 1 |  1.8
Poison Magic   | 1 |  1.8
Fighting       | 3 |  3.4
Transmutations | 4 |  4.2
Dodging        | 5 |  5.1
Unarmed Combat | |  6.9

Action                   |  1- 3 |  4- 6 |  7- 9 || total
-------------------------+-------+-------+-------++-------
Melee: Unarmed           |   105 |    42 |       ||   147
       Kick              |    16 |     1 |       ||    17
       Headbutt          |    10 |     3 |       ||    13
       Bite              |     5 |     3 |     1 ||     9
       Punch             |     3 |     2 |       ||     5
       Spear             |       |    82 |     7 ||    89
 Cast: Beastly Appendage |    33 |     8 |       ||    41
       Spider Form       |       |     4 |       ||     4
  Use: Scroll            |       |     7 |       ||     7
       Potion            |       |     1 |     3 ||     4
 Stab: Sleeping          |     1 |     1 |       ||     2
Armor: Robe              |    16 |     2 |       ||    18
       Leather armour    |       |    43 |     5 ||    48
Dodge: Dodged            |    63 |    83 |     3 ||   149
